 Dungeon Crawl Stone Soup version 0.26-a0-658-gbdda728c12 (webtiles) character file.

Game seed: 7411917218002951513

2974 luopjiggy the Severer (level 9, -4/70 HPs)
             Began as a Hill Orc Fighter on Oct 4, 2020.
             Killed by the air
             ... invoked by Gastronok
              (38 damage)
             ... on level 8 of the Dungeon on Oct 5, 2020.
             The game lasted 00:12:45 (8741 turns).

luopjiggy the Severer (Hill Orc Fighter)            Turns: 8741, Time: 00:12:47

Health: -4/70      AC: 13    Str: 19    XL:     9   Next: 82%
Magic:  9/9        EV:  5    Int:  8    God:
Gold:   447        SH: 10    Dex: 19    Spells: 8/8 levels left

rFire    . . .     SeeInvis .   a - +0 war axe
rCold    . . .     Faith    .   c - +0 kite shield
rNeg     . . .     Spirit   .   z - +0 chain mail
rPois    .         Reflect  .   r - +2 helmet
rElec    .         Harm     .   q - +0 cloak
rCorr    .         Rampage  .   (no gloves)
MR       .....                  (no boots)
Stlth    ..........             (no amulet)
HPRegen  0.21/turn              h - ring of wizardry
MPRegen  0.11/turn              b - +6 ring of dexterity

@: slowed, very slow
A: no striking features
a: no special abilities


You were on level 8 of the Dungeon.
You visited 1 branch of the dungeon, and saw 8 of its levels.

You collected 447 gold pieces.

Inventory:

Hand Weapons
 a - a +0 war axe (weapon)
Armour
 c - a +0 kite shield (worn)
 q - a +0 cloak (worn)
 r - a +2 helmet (worn)
 z - a +0 chain mail (worn)
Jewellery
 b - a +6 ring of dexterity (right hand)
 h - a ring of wizardry (left hand)
 l - an uncursed ring of protection from fire
 t - an uncursed ring of resist corrosion
 B - an uncursed ring of poison resistance
 D - a +6 ring of dexterity
 E - an uncursed ring of protection from cold {unknown}
Wands
 m - a wand of flame (12)
Scrolls
 e - 5 scrolls of teleportation
 g - a scroll of random uselessness {unknown}
 i - a scroll of noise {unknown}
 s - a scroll of magic mapping
 w - a scroll of blinking {unknown}
 F - a scroll of fear
 G - a scroll of enchant weapon {unknown}
Potions
 d - a potion of might
 f - 2 potions of mutation
 j - 4 potions of flight
 k - 3 potions of degeneration {unknown}
 n - 2 potions of invisibility {unknown}
 o - a potion of resistance {unknown}
 p - 2 potions of curing {unknown}
 u - a potion of berserk rage {unknown}
 v - a potion of haste
 x - a potion of cancellation {unknown}
 A - a potion of brilliance {unknown}
 C - a potion of magic {unknown}


   Skills:
 - Level 3.6 Fighting
 * Level 16.2 Axes
 - Level 3.2 Armour
 - Level 3.2 Shields


You had 8 spell levels left.
You didn't know any spells.
Your spell library contained the following spells:

 Spells                   Type           Power        Failure   Level
 Animate Skeleton         Necr           #.....       100%        1
 Pain                     Necr           #...         100%        1
 Sandblast                Erth           #.....       100%        1
 Passwall                 Tmut/Erth      #.......     100%        2
 Stone Arrow              Conj/Erth      #.....       100%        3
 Vampiric Draining        Necr           #.........   100%        3
 Animate Dead             Necr           #.........   100%        4
 Petrify                  Tmut/Erth      #.......     100%        4
 Agony                    Necr           #.......     100%        5
 Lee's Rapid Deconstruct  Erth           #.........   100%        5


Dungeon Overview and Level Annotations

Branches:
Dungeon (8/15)             Temple (0/1) D:7            Lair (0/6) D:8

Altars:
Cheibriados
Makhleb
Nemelex Xobeh
Okawaru
Wu Jian
The Shining One

Shops:
D:4 *   D:7 ?

Annotations:
D:3 2 transporters
D:8 Gastronok


Message History

The rat bites you but does no damage.
You slash Gastronok!
Gastronok is heavily wounded.
You hit the rat.
You kill the rat!
The rat's corpse disappears in a puff of smoke!
You block the bat's attack. Gastronok bites you.
You hit Gastronok.
Gastronok is heavily wounded.
You block the bat's attack. x2
You slash Gastronok!
Gastronok is heavily wounded.
You block the bat's attack. Gastronok completely misses you.
You slash Gastronok!
Gastronok is heavily wounded.
You barely miss the bat. The bat hits you but does no damage.
Gastronok waves his eye-stalks in wide circles.
The air twists around and strikes you!!!
Ouch! That really hurt!
You die...

*,+,,,,,,,,,,,,,+,*
*,***+***,***+***,* ******,* *,*
*,* *,* *,* *,,,,,,* *,***,***,*
*,* *,,,,,,* *,,,+,+,,,* *,**
*,,,,,,* *****,***** *,,#
*,,,,,,* *,* *,.#
*,,,,,,**#####+#######..#####
***,*,,,,.....bw@.......#.#.#*###
*,*,,,,####...##.###..#...,,..#
*,****** ##.#*#..#####.#,**#.#
*,* #.**#........#** #.# **,**
#...>.######.#####.. **,,,**
*#+##### *,*#........ *,*,*,*
**,,,******,*#.######. *,*,*,*
**,,,,,**,,,,,### #. *,*,,,*
**,,,,,,,*,**,*,,* #.


You could see Gastronok (swift) and a bat (summoned).

Vanquished Creatures
  Harold (D:7)
  Pikel (D:4)
  Grinder (D:3)
  Menkaure (D:6)
  2 ice beasts
  A sky beast (D:6)
  A phantom (D:4)
  An ogre (D:6)
  A necrophage (D:7)
  A centaur (D:7)
  2 lemures (D:4)
  A bullfrog (D:6)
  A wyvern skeleton (D:6)
  6 scorpions
  A quasit (D:7)
  A hound (D:7)
  A jelly (D:6)
  2 orc wizards (D:4)
  An orc priest (D:3)
  3 worker ants
  9 adders
  3 shadow imps
  A white imp (D:6)
  3 oozes
  An adder zombie (D:7)
  3 worms
  2 leopard geckos
  11 orcs
  2 ball pythons
  16 bats
  5 giant cockroaches
  6 goblins
  4 hobgoblins
  5 jackals (D:3)
  6 kobolds
  4 quokkas
  A ball python skeleton (D:4)
  5 frilled lizards
  A leopard gecko zombie (D:3)
  4 rats
122 creatures vanquished.

Vanquished Creatures (others)
  6 fungi (D:5)
  3 plants (D:5)
9 creatures vanquished.

Grand Total: 131 creatures vanquished

Notes
Turn   | Place    | Note
-------+----------+-------------------------------------------
     0 | D:1      | luopjiggy the Hill Orc Fighter began the quest for the Orb.
     0 | D:1      | Reached XP level 1. HP: 19/19 MP: 1/1
     0 | D:1      | Noticed a shadow dragon
     0 | D:1      | Noticed an ice dragon
     1 | D:1      | Noticed a shadow dragon
     3 | D:1      | Noticed a yellow draconian
     3 | D:1      | Noticed a shadow dragon
     5 | D:1      | Noticed an iron dragon
    12 | D:1      | Noticed an iron dragon
    16 | D:1      | Noticed a large abomination
    16 | D:1      | Noticed an orb of fire
    18 | D:1      | Noticed a shadow dragon
    20 | D:1      | Noticed an orb of fire
   135 | D:1      | Reached skill level 3 in Axes
   266 | D:1      | Reached XP level 2. HP: 21/26 MP: 2/2
   563 | D:1      | Reached skill level 4 in Axes
   949 | D:2      | Found a snail-covered altar of Cheibriados.
   959 | D:2      | Reached XP level 3. HP: 22/31 MP: 3/3
  1322 | D:2      | Reached skill level 5 in Axes
  2008 | D:3      | Reached XP level 4. HP: 39/39 MP: 4/4
  2048 | D:3      | Reached skill level 6 in Axes
  2122 | D:3      | Reached XP level 5. HP: 20/45 MP: 5/5
  2480 | D:3      | Noticed Grinder
  2497 | D:3      | Killed Grinder
  2497 | D:3      | Reached skill level 8 in Axes
  2497 | D:3      | Reached XP level 6. HP: 10/51 MP: 6/6
  2810 | D:3      | Found a transporter.
  2811 | D:3      | Found an ornate altar of the Wu Jian Council.
  2813 | D:3      | Found a transporter.
  3138 | D:5      | Entered Level 5 of the Dungeon
  3257 | D:5      | Noticed an ice beast
  3266 | D:5      | Killed an ice beast
  3266 | D:5      | Reached skill level 9 in Axes
  3515 | D:5      | Reached XP level 7. HP: 51/57 MP: 7/7
  3561 | D:5      | Reached skill level 10 in Axes
  4088 | D:5      | Reached skill level 11 in Axes
  4488 | D:5      | You fall into a shaft and drop 1 floor!
  4521 | D:6      | Reached XP level 8. HP: 64/64 MP: 8/8
  4565 | D:6      | Reached skill level 12 in Axes
  5165 | D:6      | Noticed Menkaure
  5176 | D:6      | Killed Menkaure
  5176 | D:6      | Reached skill level 13 in Axes
  5685 | D:4      | Noticed Pikel
  5701 | D:4      | Killed Pikel
  5701 | D:4      | Reached skill level 14 in Axes
  5701 | D:4      | Reached XP level 9. HP: 65/70 MP: 9/9
  5886 | D:4      | Found Butih's General Store.
  5975 | D:4      | Found an iron altar of Okawaru.
  6445 | D:4      | Found a glowing golden altar of the Shining One.
  6599 | D:4      | You fall into a shaft and drop 3 floors!
  6848 | D:7      | Found a staircase to the Ecumenical Temple.
  7023 | D:7      | Noticed Harold
  7058 | D:7      | Killed Harold
  7058 | D:7      | Reached skill level 16 in Axes
  7406 | D:7      | Found Synasias's Magic Scroll Shoppe.
  7725 | D:7      | Found a burning altar of Makhleb.
  8172 | D:5      | Found a sparkling altar of Nemelex Xobeh.
  8721 | D:8      | Noticed Gastronok
  8741 | D:8      | Killed from afar by Gastronok

Illustrated notes

Levels and vault maps discovered:
D:1:      shiori_arrival_whats_in_store_for_you, layout_basic
D:2:      layout_rooms, cheibriados_altar_1, minmay_pentomino_t4
D:3:      layout_rooms, gammafunk_temple_overflow_arena, minmay_ruptured,
          uniq_grinder
D:4:      minmay_diamond_boxcup, layout_layer_cave, tso_altar,
          nicolae_overflow_crystal_walls, serial_shops, shop, uniq_pikel
D:5:      old_forge, layout_layer_cave, nemelex_xobeh_ov_fountains_minmay
D:6:      layout_rooms, uniq_menkaure
D:7:      layout_loops_corners, lightli_temple_of_fire,
          minmay_temple_entry_large_hall, serial_shops, nicolae_shop_trees,
          uniq_harold
D:8:      layout_loops_corners, eat_drink_and_be_merry_uskayaw,
          vehumet_crystals, erik_lair_island, enter_bailey_2,
          grunt_decor_fettered, minmay_door_square, roderic_serpentine_path,
          uniq_prince_ribbit1, uniq_maurice, uniq_psyche, uniq_gastronok

Skill      XL: |  1  2  3  4  5  6  7  8  9 |
---------------+----------------------------+-----
Axes           | 3 4 5 6 8 9 11 14 16 | 16.2
Fighting       | |  3.6
Armour         | |  3.2
Shields        | |  3.2

Action                   |  1- 3 |  4- 6 |  7- 9 || total
-------------------------+-------+-------+-------++-------
Melee: War axe           |    90 |    82 |   288 ||   460
  Use: Scroll            |     6 |     2 |     7 ||    15
       Potion            |       |       |     4 ||     4
Armor: Scale mail        |    49 |    30 |    31 ||   110
       Chain mail        |       |       |   121 ||   121
Dodge: Dodged            |    34 |    26 |    65 ||   125
Block: Kite shield       |    48 |    39 |   115 ||   202

Table legend: (Time is in decaauts)
 A = Elapsed time spent in this place.
 B = Non-inter-level travel time spent in this place.
 C = Inter-level travel time spent in this place.
 D = Time resting spent in this place.
 E = Time spent auto-exploring this place.
 F = Levels seen in this place.
 G = Mean time per level.
                   A        B        C        D        E       F      G
               +--------+--------+--------+--------+--------+-----+--------+
         Total |   8760 |   8311 |    449 |   3017 |   4376 |   8 | 1095.0 |
       Dungeon |   8760 |   8311 |    449 |   3017 |   4376 |   8 | 1095.0 |
               +--------+--------+--------+--------+--------+-----+--------+

Top non-repeatable levels by time:
     D:5: 1816 daAuts
     D:7: 1553 daAuts
     D:2: 1214 daAuts
     D:6: 1210 daAuts
     D:3: 1164 daAuts
     D:4: 940 daAuts
     D:1: 800 daAuts
     D:8: 59 daAuts
